 Dungeon Crawl Stone Soup version 0.28.0-53-g5a82cb258f (webtiles) character file.

Game seed: 8893003795381005799

0 DemonSlayer the Firebug (level 1, -2/13 HPs)
             Began as a Demonspawn Fire Elementalist on Aug 18, 2022.
             Slain by a rat (3 damage)
             ... on level 1 of the Dungeon.
             The game lasted 00:00:12 (52 turns).

DemonSlayer the Firebug (DsFE)                        Turns: 52, Time: 00:00:13

Health: -2/13      AC:  2    Str:  8    XL:     1   Next: 8%
Magic:  1/3        EV: 12    Int: 16    God:
Gold:   0          SH:  0    Dex: 13    Spells: 3/4 levels left

rFire   . . .      SeeInvis .   (no weapon)
rCold   . . .      Faith    .   (no shield)
rNeg    . . .      Spirit   .   a - +0 robe
rPois   .          Reflect  .   (no helmet)
rElec   .          Harm     .   (no cloak)
rCorr   .          Rampage  .   (no gloves)
Will    .....                   (no boots)
Stlth   ++........              (no amulet)
HPRegen 0.04/turn               (no ring)
MPRegen 0.08/turn               (no ring)

@: no status effects
A: no striking features
a: no special abilities


You were on level 1 of the Dungeon.
You visited 1 branch of the dungeon, and saw 1 of its levels.

Inventory:

Armour
 a - a +0 robe (worn)


   Skills:
 + Level 1.7 Dodging
 + Level 1.7 Stealth
 + Level 2.0 Spellcasting
 + Level 1.0 Conjurations
 + Level 2.7 Fire Magic


You had 3 spell levels left.
You knew the following spells:

 Your Spells              Type           Power      Damage    Failure   Level
a - Foxfire               Conj/Fire      28%        2x1d5     10%         1

Your spell library contained the following spells:

 Spells                   Type           Power      Damage    Failure   Level
 Scorch                   Fire           20%        2d6       11%         2
 Conjure Flame            Conj/Fire      7%         6-21      28%         3
 Inner Flame              Hex/Fire       5%         N/A       34%         3
 Flame Wave               Conj/Fire      7%         2d5       67%         4


Dungeon Overview and Level Annotations

Branches:
Dungeon (1/15)

Altars:


Message History

The giant cockroach bites you.
* * * LOW HITPOINT WARNING * * *
The bat hits you but does no damage. The rat barely misses you.
You hit the giant cockroach.
The giant cockroach is almost dead.
The bat misses you. The bat closely misses you.
The giant cockroach closely misses you. The rat misses you.
You closely miss the giant cockroach.
The giant cockroach is almost dead.
The bat barely misses you.
The giant cockroach bites you but does no damage.
The giant cockroach completely misses you.
The rat closely misses you.
You completely miss the giant cockroach.
The giant cockroach is almost dead.
The bat hits you but does no damage. The bat barely misses you.
The giant cockroach completely misses you.
The rat bites you but does no damage. The bat barely misses you.
You completely miss the giant cockroach.
The giant cockroach is almost dead.
The bat closely misses you. The giant cockroach barely misses you.
The rat closely misses you. The bat closely misses you.
You hit the giant cockroach but do no damage.
The giant cockroach is almost dead.
The bat closely misses you. The giant cockroach barely misses you.
The rat barely misses you.
You barely miss the giant cockroach.
The giant cockroach is almost dead.
The giant cockroach misses you. The rat misses you.
You hit the giant cockroach but do no damage.
The giant cockroach is almost dead.
The bat closely misses you. The bat misses you. The giant cockroach misses you.
The giant cockroach barely misses you. The rat bites you.
* * * LOW HITPOINT WARNING * * *
You barely miss the giant cockroach.
The giant cockroach is almost dead.
The bat barely misses you. The giant cockroach bites you.
* * * LOW HITPOINT WARNING * * *
The rat bites you.
You die...

.. .
####+#+#### .
..
#.........#.#
.)#..#.8○#..#.#
.....≈○○☼....
#.........#
#..#...#..#
#..B@..b..#
#..r......#
#..#...#..#
#.........#
#.........#
#....<....#
###########


You could see a giant cockroach, a bat and a rat.

Vanquished Creatures
  A goblin (D:1)
1 creature vanquished.

Vanquished Creatures (others)
  9 foxfires (D:1)
9 creatures vanquished.

Grand Total: 10 creatures vanquished

Notes
Turn   | Place    | Note
-------+----------+-------------------------------------------
     0 | D:1      | DemonSlayer the Demonspawn Fire Elementalist began the
                  | quest for the Orb.
     0 | D:1      | Reached XP level 1. HP: 13/13 MP: 3/3
    52 | D:1      | Slain by a rat

Illustrated notes

Levels and vault maps discovered:
D:1:      shiori_arrival_oz, layout_loops_ring, serial_shops, shop

Action                   || total
-------------------------++-------
Melee: Unarmed           ||    22
 Cast: Foxfire           ||     5
Armor: Robe              ||    11
Dodge: Dodged            ||    33
